cohdb
Replays
Latest Replays
All Replays
Popular Replays
Top Player Replays
Match Explorer
How It Works
Community
CoH3 Stats
Reddit
Sign in to upload your games and track your stats! →
Sign in with Steam
Match 29112282
Unlisted
Match 29112282
Overview
Messages
Build Orders
End
Panzergrenadier Squad
Selects Italian Infantry
250 Light Carrier
Panzergrenadier Squad
Construct Light Support Kompanie
Combat Half-tracks
Selects Defensive Operations
2.5-tonne Medical Truck
Fire Support Elements
Flakvierling Half-track
le.IG 18 Mechanized Group
Selects Territory Booby Traps
Selects Guastatori Squad
Forward Retreat Point
Flakvierling Half-track
Tungsten Core Ammunition
Pak 38 Anti-tank Gun Team
Pak 38 Anti-tank Gun Team
Sir Uncle
Hanaken
SHIBA
lkong
Rokundas
StalkerxX
renweareren
Ms
0
0
Comments
sign in to comment!
No comments posted yet!